AoeStats
← Jokerwin

Nomad

507821985Analyzed
3v3 RM · 12d ago on Sep 19, 2026· 44m 24s· 6 players
Game mode
Random Map
Map size
210×210
Population
200
Speed
Normal
Resources
Standard
Victory
Conquest
Starting age
Dark Age
Ending age
Imperial Age
RankedLock teamsTeams togetherTeam positionsShared explorationLock speedFull tech treeHidden civsTurbo modeCheats
Victory
Defeat
🇳🇴 Romans · Norway
1328
+16
🇳🇴 Malians · Norway
1289
+18
🇳🇴 Bengalis · Norway
1284
+18
🇺🇸 Khmer · United States
1365
-19
🇵🇪 Hindustanis · Peru
1321
-17
🇦🇷 Poles · Argentina
1305
-16
Ted Sanders
10:53 Loom
13:41 Feudal Age
19:03 Castle Age
28:08 Fletching
Jokerwin
4:32 Loom
13:16 Feudal Age
18:02 Castle Age
17:01 Gold Mining
17:52 Fishing Lines
18:07 Demolition Ship
19:12 Medium Warships
19:02 Double-Bit Axe
22:32 Wheelbarrow
23:17 Bow Saw
23:49 Hand Cart
26:18 Horse Collar
37:39 Imperial Age
35:11 Fletching
37:55 Bodkin Arrow
40:50 Conscription
40:32 Bracer
lcastillov22
5:09 Loom
14:16 Feudal Age
19:03 Castle Age
17:48 Fletching
19:03 Double-Bit Axe
21:33 Wheelbarrow
21:10 Bow Saw
22:27 Town Watch
27:14 Stone Mining
27:14 Gold Mining
31:16 Hand Cart
34:33 Fishing Lines
Minnesbeta
5:20 Loom
12:28 Feudal Age
16:34 Wheelbarrow
20:49 Castle Age
19:23 Fletching
19:40 Double-Bit Axe
21:55 Medium Warships
23:13 Horse Collar
23:49 Bow Saw
24:11 Heavy Plow
28:35 Gold Mining
29:05 Scale Barding Armor
29:27 Bloodlines
30:01 Forging
32:00 Husbandry
32:06 Town Watch
33:08 Wheelbarrow
33:32 Devotion
34:27 Bodkin Arrow
36:50 Iron Casting
38:00 Hand Cart
40:20 Imperial Age
41:40 Chain Barding Armor
42:21 Conscription
41:26 Cavalier
42:27 Farimba
Covenent
4:31 Loom
12:56 Feudal Age
15:59 Fletching
22:54 Castle Age
22:58 Double-Bit Axe
23:57 Bodkin Arrow
28:35 Redemption
35:03 Bow Saw
37:20 Gold Mining
38:21 Horse Collar
42:00 Imperial Age
40:32 Bloodlines
40:22 Husbandry
41:48 Bloodlines
43:20 Atonement
43:33 Fervor
43:39 Block Printing
43:57 Elite Elephant Archer
Angilbert
10:52 Loom
13:12 Feudal Age
13:57 Man-at-Arms
15:02 Scale Mail Armor
19:09 Horse Collar
24:36 Castle Age
23:25 Forging
24:40 Long Swordsman
25:36 Chain Mail Armor
25:38 Squires
29:21 Double-Bit Axe
31:28 Wheelbarrow
38:32 Hand Cart
38:44 Bow Saw
43:02 Imperial Age
41:50 Iron Casting
43:14 Ballistics
43:06 Legionary
43:47 Heavy Scorpion
Connection lost

Rejoining the realm…

Still unreachable

The connection could not be restored.

Session expired

The server has moved on; the page needs a fresh start.